cohdb
Replays
Latest Replays
All Replays
Popular Replays
Top Player Replays
Match Explorer
How It Works
Community
CoH3 Stats
Reddit
Sign in to upload your games and track your stats! →
Sign in with Steam
Match 38476543
Unlisted
Match 38476543
Overview
Messages
Build Orders
End
Construct Barracks
Engineer Squad
Selects Armored Battlegroup
Selects Veteran Crews
Riflemen Squad
Riflemen Squad
Riflemen Squad
Infantry Support Center
Construct Medical Station
Grenade Package
Construct Weapon Support Center
Bazooka Squad
Advanced Logistics
Riflemen Squad
M1918 Browning Automatic Rifles
Bazooka Squad
Selects Fast Deploy
Selects M8 Scott SPG
Riflemen Squad
Bazooka Squad
Munitions Surplus
Survival Training
Improved M9 Bazooka Rockets
Riflemen Squad
Selects M4A3E8 Sherman Combat Group
M4A3E8 Sherman Combat Group
M4A3E8 Sherman Combat Group
REGULATOR
Mister Maf
0
0
Comments
sign in to comment!
No comments posted yet!